[Event "Titled Tuesday Blitz June 15 2021"]
[White "Tarlabasi, Emirhan"]
[Black "Petriashvili, Nikoloz"]
[WhiteFideId "6350275"]
[BlackFideId "13611216"]
[WhiteElo "1949"]
[BlackElo "2430"]
[Result "0-1"]
[Round "02"]
[TimeControl "180+1"]
[Date "2021.06.15"]
[WhiteClock "0:00:11"]
[BlackClock "0:00:14"]

1. Nf3 d5 2. c4 c6 3. b3 Bf5 4. Bb2 e6 5. g3 Nf6 6. Bg2 Nbd7 7. O-O a5 8. Nc3 h6 9. d4 Be7 10. Re1 Ne4 11. Nd2 Nxd2 12. Qxd2 Nf6 13. e4 dxe4 14. Nxe4 O-O 15. Rad1 a4 16. Nxf6+ Bxf6 17. d5 axb3 18. Bxf6 Qxf6 19. axb3 cxd5 20. cxd5 exd5 21. Qxd5 Rab8 22. b4 Bg4 23. Rc1 Rfd8 24. Qe4 Be6 25. Rc7 Rd4 26. Qb1 Rd2 27. Rf1 b5 28. Qc1 Rbd8 29. Rc2 R2d4 30. Qb2 Bc4 31. Re1 Rd1 32. Re2 Qxb2 0-1


[Site "https://www.chess.com"]

[Event "Titled Tuesday Blitz June 15 2021"]
[White "TengisChess"]
[Black "Durarbayli, Vasif"]
[BlackFideId "13402935"]
[WhiteElo "2524"]
[BlackElo "2500"]
[Result "0-1"]
[Round "02"]
[TimeControl "180+1"]
[Date "2021.06.15"]
[WhiteClock "0:01:47"]
[BlackClock "0:01:53"]

1. d4 Nf6 2. c4 e6 3. Nc3 c5 4. d5 exd5 5. cxd5 d6 6. e4 a6 7. a4 g6 8. Nf3 Bg4 9. h3 Bxf3 10. Qxf3 Bg7 11. Bf4 O-O 12. Bd3 Qc7 13. O-O Nbd7 14. Rfe1 Rfe8 15. Rac1 Ne5 16. Bxe5 Rxe5 17. Qg3 Bh6 18. Rc2 Rae8 19. Rd2 Bxd2 0-1


[Site "https://www.chess.com"]

[Event "Titled Tuesday Blitz June 15 2021"]
[White "Timofeev, Artyom"]
[Black "Stribuk, Artiom"]
[WhiteFideId "4140419"]
[BlackFideId "13515659"]
[WhiteElo "2582"]
[BlackElo "2177"]
[Result "0-1"]
[Round "02"]
[TimeControl "180+1"]
[Date "2021.06.15"]
[WhiteClock "0:00:12"]
[BlackClock "0:00:13"]

1. c4 Nf6 2. Nc3 g6 3. g3 c6 4. Bg2 d5 5. cxd5 cxd5 6. d4 Bg7 7. Nf3 O-O 8. Ne5 e6 9. O-O Nfd7 10. Nf3 Nc6 11. Bf4 Nf6 12. Rc1 Bd7 13. Qd2 Rc8 14. Bh6 Ne4 15. Qe3 Nd6 16. Bxg7 Kxg7 17. b3 Qa5 18. Bh3 f6 19. Qf4 Nf7 20. Qd2 Rc7 21. a3 Rfc8 22. b4 Nxb4 23. axb4 Qxb4 24. Na2 Qxd2 25. Nxd2 Rc2 26. Nb3 Rxa2 27. Nc5 Rc7 28. Bxe6 Rxc5 29. Bxd7 Rxc1 30. Rxc1 Rxe2 31. Bb5 Re7 32. Rc5 Nd6 33. Bd3 Kf7 34. Rxd5 Ke6 35. Rc5 b6 36. Rc1 Kd5 37. Rd1 Kxd4 38. Bxg6+ Kc5 39. Bd3 Nc4 40. Rc1 b5 41. Kg2 a5 42. g4 a4 43. h4 a3 44. g5 fxg5 45. hxg5 a2 46. Ra1 Ra7 47. f4 Kd4 48. Bxc4 Kxc4 49. f5 b4 50. f6 b3 51. Rc1+ Kb4 0-1


[Site "https://www.chess.com"]

[Event "Titled Tuesday Blitz June 15 2021"]
[White "Titus, Andrew"]
[Black "Nguyen, Ngoc Truong Son"]
[WhiteFideId "2059770"]
[BlackFideId "12401110"]
[WhiteElo "2044"]
[BlackElo "2596"]
[Result "0-1"]
[Round "02"]
[TimeControl "180+1"]
[Date "2021.06.15"]
[WhiteClock "0:00:13"]
[BlackClock "0:00:08"]

1. e4 c5 2. Nf3 Nc6 3. d4 cxd4 4. Nxd4 e6 5. Nc3 a6 6. g3 Qc7 7. Bg2 Nf6 8. O-O Bc5 9. Nb3 Be7 10. a4 b6 11. f4 d6 12. Be3 Bb7 13. g4 h5 14. h3 hxg4 15. hxg4 Rd8 16. Qe2 Nb4 17. g5 Nd7 18. Rad1 Nc5 19. Nd4 g6 20. Qf2 d5 21. e5 Ne4 22. Nxe4 dxe4 23. Qe2 Nd5 24. Bc1 Bc5 25. c3 Ne7 26. Bxe4 Bxd4+ 27. cxd4 Nf5 28. Bxb7 Qxb7 29. Qg2 Qd7 30. b3 Kf8 31. d5 exd5 32. e6 fxe6 33. Ba3+ Kf7 34. Qb2 d4 35. Qg2 Ne3 36. Qe4 Nxd1 37. Rxd1 Qd5 38. Qxd5 Rxd5 39. Kf2 d3 40. Kg2 d2 41. Bb4 Rhd8 42. Kf2 a5 43. Bc3 Rd3 44. Bf6 R8d5 45. Ke2 Rh3 46. Be5 Rxb3 47. Rxd2 Rxd2+ 48. Kxd2 Rb4 49. Bc7 Ke7 50. Bxb6 Rxb6 0-1


[Site "https://www.chess.com"]

[Event "Titled Tuesday Blitz June 15 2021"]
[White "Turgut, Aydin"]
[Black "Babiy, Olga"]
[WhiteFideId "2078791"]
[BlackFideId "14117258"]
[WhiteElo "2138"]
[BlackElo "2213"]
[Result "1-0"]
[Round "02"]
[TimeControl "180+1"]
[Date "2021.06.15"]
[WhiteClock "0:01:11"]
[BlackClock "0:00:11"]

1. e4 d6 2. d4 Nf6 3. Nc3 e5 4. Nge2 Nbd7 5. h3 Be7 6. g4 c6 7. Bg2 O-O 8. O-O Re8 9. g5 Nh5 10. Bf3 Nf4 11. Nxf4 exf4 12. h4 Nf8 13. Bxf4 Ng6 14. Bg3 Qb6 15. Qd3 Qxb2 16. a4 Qb6 17. Bg2 Bg4 18. a5 Qd8 19. f4 d5 20. exd5 c5 21. f5 Nf8 22. Ne4 cxd4 23. d6 Bxd6 24. Nxd6 Re3 25. Qc4 Rxg3 26. Nxf7 Qc8 27. Nh6+ 1-0


[Site "https://www.chess.com"]

[Event "Titled Tuesday Blitz June 15 2021"]
[White "Urazayev, Arystanbek"]
[Black "Eren, Ataberk"]
[WhiteFideId "13709810"]
[BlackFideId "6349765"]
[WhiteElo "2321"]
[BlackElo "2050"]
[Result "1-0"]
[Round "02"]
[TimeControl "180+1"]
[Date "2021.06.15"]
[WhiteClock "0:00:21"]
[BlackClock "0:00:01"]

1. c4 e5 2. Nf3 Nc6 3. d4 exd4 4. Nxd4 Nge7 5. g3 Nxd4 6. Qxd4 Nc6 7. Qd1 Bb4+ 8. Bd2 O-O 9. Bg2 Qf6 10. Nc3 d6 11. O-O Bxc3 12. Bxc3 Qe7 13. Qc2 Be6 14. b3 Rae8 15. Rad1 Bg4 16. Rfe1 f5 17. h3 Bh5 18. Rd2 f4 19. g4 Bg6 20. Bd5+ Kh8 21. Qb2 f3 22. Kh2 Ne5 23. Bxe5 dxe5 24. Bxb7 e4 25. e3 c6 26. Ba6 Qc7+ 27. Kh1 Qa5 28. Bb7 Rf6 29. Red1 h5 30. Rd6 Ref8 31. Rxf6 Rxf6 32. Rg1 hxg4 33. Rxg4 Qh5 34. Rg3 Bf5 35. Qe5 Rg6 36. Kh2 Rxg3 37. Qxg3 Qh6 38. c5 Kh7 39. Ba6 Qf6 40. Bc4 g6 41. Qc7+ Kh6 42. Qf4+ Kh7 43. Qd6 Qh4 44. Qg3 Qf6 45. b4 Qc3 46. Bf7 Qb2 47. a4 Qxb4 48. Qh4+ Kg7 49. Qe7 Qd2 50. Be6+ Kh6 51. Qh4+ Kg7 52. Bxf5 gxf5 53. Kg3 Qd5 54. Qe7+ Kg6 55. Kf4 Kh5 56. Qg5# 1-0


[Site "https://www.chess.com"]

[Event "Titled Tuesday Blitz June 15 2021"]
[White "Vazquez, Facundo"]
[Black "Chigaev, Maksim"]
[WhiteFideId "3007669"]
[BlackFideId "4108116"]
[WhiteElo "1984"]
[BlackElo "2646"]
[Result "0-1"]
[Round "02"]
[TimeControl "180+1"]
[Date "2021.06.15"]
[WhiteClock "0:00:03"]
[BlackClock "0:00:06"]

1. d4 Nf6 2. c4 g6 3. Nf3 Bg7 4. Nc3 O-O 5. g3 d6 6. Bg2 Nbd7 7. O-O e5 8. e4 exd4 9. Nxd4 Nc5 10. h3 Re8 11. Re1 Bd7 12. Nb3 Na4 13. Nxa4 Bxa4 14. Bg5 h6 15. Bf4 a5 16. Qd2 g5 17. Be3 Nxe4 18. Qc2 f5 19. g4 Qf6 20. gxf5 Qxf5 21. c5 d5 22. Qd3 Bxb3 23. axb3 c6 24. Bd4 Ng3 25. Rxe8+ Rxe8 26. Qxf5 Nxf5 27. Bc3 Nd4 28. Bxd4 Bxd4 29. Rxa5 Re2 30. Ra7 Rxf2 31. Kh2 Rf7 32. b4 Kg7 33. b3 h5 34. Ra2 Kg6 35. b5 Bxc5 36. bxc6 bxc6 37. Rc2 Bd6+ 38. Kg1 Rc7 39. Kf2 Kf5 40. Ke3 g4 41. hxg4+ hxg4 42. Kd4 Be5+ 43. Kc5 Rc8 44. Rf2+ Bf4 45. b4 Kg5 46. Re2 Kh4 47. Re7 Kg3 48. Bf1 Kf2 49. Bd3 Be3+ 50. Kd6 g3 51. Rf7+ Ke1 52. Re7 Kd2 53. Bf1 Rf8 54. Bh3 Rh8 55. Bg2 Rh2 56. Bf3 Rf2 57. Bh1 Rf6+ 58. Kc7 Bf4+ 59. Kb7 Kc3 60. b5 cxb5 61. Bxd5 b4 62. Re4 g2 63. Rc4+ Kd3 64. Rxb4 g1=Q 65. Rb3+ Kd2 66. Rb2+ Kc1 67. Rb5 Qg7+ 0-1


[Site "https://www.chess.com"]

[Event "Titled Tuesday Blitz June 15 2021"]
[White "Vignesh, N R"]
[Black "Espinosa Veloz, Ermes"]
[WhiteFideId "25012215"]
[BlackFideId "3507424"]
[WhiteElo "2401"]
[BlackElo "2333"]
[Result "1-0"]
[Round "02"]
[TimeControl "180+1"]
[Date "2021.06.15"]
[WhiteClock "0:00:42"]
[BlackClock "0:01:36"]

1. c4 Nf6 2. Nc3 g6 3. g3 Bg7 4. Bg2 O-O 5. Nf3 d6 6. O-O e5 7. d3 Nc6 8. Rb1 a5 9. a3 Re8 10. Bg5 h6 11. Bxf6 Bxf6 12. b4 axb4 13. axb4 Bg7 14. b5 Ne7 15. Nd2 e4 16. Qc2 e3 17. fxe3 Nf5 18. Rxf5 Bxf5 19. Bxb7 Ra3 20. Nd5 Be6 21. e4 h5 22. Bc6 Rf8 23. Nf3 f5 24. Nf4 Bf7 25. exf5 g5 26. Ne6 Bxe6 27. fxe6 g4 28. Bd5 Kh8 29. Nh4 Qf6 30. e3 Bh6 31. d4 Bxe3+ 32. Kg2 Kg7 33. e7 Qf2+ 34. Qxf2 Rxf2+ 35. Kh1 Raa2 36. Nf5+ Kf6 37. Nxe3 Kxe7 38. Bg2 Rfe2 39. Nd5+ Kd7 40. Nf4 Red2 41. Bc6+ Ke7 42. Re1+ Kf8 43. Bg2 Kf7 44. Rf1 Ke8 45. Bc6+ Ke7 46. Ng6+ Ke6 47. d5+ 1-0


[Site "https://www.chess.com"]

[Event "Titled Tuesday Blitz June 15 2021"]
[White "Vlassov, Nikolai"]
[Black "Jumabayev, Rinat"]
[WhiteFideId "4103360"]
[BlackFideId "13702661"]
[WhiteElo "2407"]
[BlackElo "2535"]
[Result "1-0"]
[Round "02"]
[TimeControl "180+1"]
[Date "2021.06.15"]
[WhiteClock "0:00:20"]
[BlackClock "0:00:02"]

1. e4 d6 2. f4 c5 3. Nc3 g6 4. Nf3 Bg7 5. h3 Nc6 6. g4 e6 7. Bg2 Nge7 8. d3 O-O 9. O-O f5 10. Be3 Nd4 11. Qd2 Bd7 12. Nd1 Bc6 13. c3 Nxf3+ 14. Bxf3 Qd7 15. Nf2 Rae8 16. d4 cxd4 17. cxd4 fxe4 18. Bxe4 Nd5 19. Rae1 Rf7 20. Nd3 Ref8 21. Rf2 a6 22. Bg2 Qd8 23. Ref1 Qb6 24. Bxd5 Bxd5 25. a3 Bxd4 26. Bxd4 Qxd4 27. Nb4 Qxd2 28. Rxd2 Bc4 29. Rf3 d5 30. b3 Bb5 31. a4 Bd7 32. Nd3 Rc8 33. Ne5 Re7 34. Kf2 Be8 35. h4 Rec7 36. Re3 Rc3 37. Rde2 Rxe3 38. Rxe3 Rc2+ 39. Kg3 d4 40. Rd3 Rc3 41. Kf2 Rxd3 42. Nxd3 Bc6 43. Ne5 Be4 44. b4 Kf8 45. Nf3 d3 46. Ke3 Bc6 47. a5 Ke7 48. Ne5 Bb5 49. Nxd3 1-0


[Site "https://www.chess.com"]

[Event "Titled Tuesday Blitz June 15 2021"]
[White "Vyatkin, Dmitry"]
[Black "Rud_Makarian"]
[WhiteFideId "4171900"]
[WhiteElo "2279"]
[BlackElo "2748"]
[Result "0-1"]
[Round "02"]
[TimeControl "180+1"]
[Date "2021.06.15"]
[WhiteClock "0:00:02"]
[BlackClock "0:00:19"]

1. d4 Nf6 2. c4 g6 3. g3 Bg7 4. Bg2 c5 5. d5 O-O 6. Nc3 d6 7. Nf3 e6 8. O-O exd5 9. cxd5 Re8 10. Nd2 a6 11. a4 Nbd7 12. Nc4 Ne5 13. Na3 Nh5 14. h3 f5 15. Qc2 f4 16. Bxf4 Nxf4 17. gxf4 Nf7 18. Qd3 Bh6 19. Qg3 Bg7 20. e4 Rb8 21. Nc4 Bd7 22. a5 Bb5 23. Nxb5 axb5 24. Nb6 Nh6 25. Rad1 Rf8 26. e5 Nf5 27. Qg4 dxe5 28. d6 Kh8 29. fxe5 Bxe5 30. d7 Bd4 31. b3 Qf6 32. Rxd4 Nxd4 33. d8=Q Rfxd8 34. Nd7 Qf5 35. Qxf5 gxf5 36. Nxb8 Rxb8 37. Rb1 Ra8 38. Bxb7 Rxa5 39. b4 Ra7 40. Bg2 c4 41. Rd1 c3 42. Rxd4 c2 43. Rd8+ Kg7 44. Rc8 Ra1+ 45. Kh2 c1=Q 46. Rxc1 Rxc1 0-1


[Site "https://www.chess.com"]

[Event "Titled Tuesday Blitz June 15 2021"]
[White "Williams, Simon K"]
[Black "Bluebaum, Matthias"]
[WhiteFideId "404454"]
[BlackFideId "24651516"]
[WhiteElo "2468"]
[BlackElo "2685"]
[Result "0-1"]
[Round "02"]
[TimeControl "180+1"]
[Date "2021.06.15"]
[WhiteClock "0:00:10"]
[BlackClock "0:00:28"]

1. e4 c6 2. Bc4 d5 3. Bb3 e6 4. e5 c5 5. c3 Nc6 6. d4 Nge7 7. Nf3 Nf5 8. O-O cxd4 9. cxd4 Qb6 10. Be3 Bd7 11. Nc3 Na5 12. Bc2 Nxe3 13. fxe3 Be7 14. Na4 Qd8 15. Nc5 Bxc5 16. dxc5 Nc6 17. h4 h6 18. a3 Qc7 19. e4 d4 20. b4 Rd8 21. Nxd4 Nxe5 22. Qe2 O-O 23. Rad1 b6 24. cxb6 Qxb6 25. Kh1 Bc8 26. Qf2 Ba6 27. Rfe1 Rd7 28. Qg3 Nc4 29. Nf3 Rxd1 30. Bxd1 Nxa3 31. h5 Qxb4 32. Ne5 Qd6 33. Qf4 Nc4 34. Nd3 Qxf4 35. Nxf4 Ne5 36. Be2 Bxe2 37. Rxe2 a5 38. Ra2 Ra8 39. Kg1 a4 40. Kf2 a3 41. Ke3 Rd8 42. Rxa3 Nc4+ 0-1


[Site "https://www.chess.com"]

[Event "Titled Tuesday Blitz June 15 2021"]
[White "Xiong, Jeffery"]
[Black "Valdes Romero, Leonardo"]
[WhiteFideId "2047640"]
[BlackFideId "6500331"]
[WhiteElo "2724"]
[BlackElo "2497"]
[Result "0-1"]
[Round "02"]
[TimeControl "180+1"]
[Date "2021.06.15"]
[WhiteClock "0:01:54"]
[BlackClock "0:01:58"]

1. e4 d6 2. d4 Nf6 3. Nc3 e5 4. Nf3 Nbd7 5. Bc4 Be7 6. O-O O-O 7. a4 c6 8. Re1 b6 9. d5 cxd5 10. Nxd5 Bb7 11. Bg5 Rc8 12. Bxf6 Nxf6 13. Nxf6+ Bxf6 14. Qd3 Qc7 15. Bb3 g6 16. Nd2 Kg7 17. Nc4 Ba6 18. Qxd6 Bxc4 19. Qxc7 Rxc7 20. Bxc4 Rxc4 21. c3 Rd8 22. Re2 Rxa4 0-1


[Site "https://www.chess.com"]

[Event "Titled Tuesday Blitz June 15 2021"]
[White "Zubov, Alexander"]
[Black "Boyer, Mahel"]
[WhiteFideId "14109409"]
[BlackFideId "45102422"]
[WhiteElo "2740"]
[BlackElo "2325"]
[Result "1-0"]
[Round "02"]
[TimeControl "180+1"]
[Date "2021.06.15"]
[WhiteClock "0:00:10"]
[BlackClock "0:00:08"]

1. e4 Nc6 2. Nc3 d5 3. Nxd5 f5 4. Nc3 Nf6 5. exf5 Bxf5 6. Bb5 e5 7. Bxc6+ bxc6 8. Qf3 Qd7 9. d3 Bb4 10. Bd2 O-O 11. Nge2 Rae8 12. Qg3 e4 13. d4 e3 14. fxe3 Bxc2 15. O-O Bd3 16. Rf2 Bxe2 17. Rxe2 Bxc3 18. Bxc3 Ne4 19. Qh3 Qd5 20. Ree1 Rf2 21. Rf1 Ref8 22. Rxf2 Nxf2 23. Qh4 Ne4 24. Rf1 Rxf1+ 25. Kxf1 Qc4+ 26. Kg1 Qd3 27. Qd8+ Kf7 28. Qxc7+ Kf8 29. Qf4+ Kg8 30. h3 Nxc3 31. bxc3 Qxc3 32. Qb8+ Kf7 33. Qxa7+ Kf8 34. Qc5+ Qxc5 35. dxc5 Ke7 36. a4 Ke6 37. a5 Kd7 38. e4 Kc7 39. e5 Kb7 40. e6 Kc7 41. a6 1-0


[Site "https://www.chess.com"]

[Event "Titled Tuesday Blitz June 15 2021"]
[White "Zverev, Lev"]
[Black "Gledura, Benjamin"]
[WhiteFideId "24250775"]
[BlackFideId "712779"]
[WhiteElo "2109"]
[BlackElo "2377"]
[Result "1/2-1/2"]
[Round "02"]
[TimeControl "180+1"]
[Date "2021.06.15"]
[WhiteClock "0:00:12"]
[BlackClock "0:00:21"]

1. e4 Nf6 2. e5 Nd5 3. c4 Nb6 4. d4 d6 5. exd6 cxd6 6. Nc3 g6 7. Be3 Bg7 8. Rc1 O-O 9. b3 Re8 10. Nf3 Bg4 11. Be2 d5 12. c5 Nc8 13. O-O Bxf3 14. Bxf3 e6 15. Re1 Nd7 16. Ne2 Ne7 17. Ng3 Nb8 18. b4 a6 19. a4 Nbc6 20. b5 Na5 21. Be2 h5 22. h4 axb5 23. axb5 Nf5 24. Nxf5 exf5 25. Bg5 Qd7 26. Bd2 Nc4 27. Bxc4 dxc4 28. Rxe8+ Rxe8 29. Rxc4 Qxb5 30. Rb4 Qd3 31. Rxb7 Bxd4 32. c6 Bxf2+ 33. Kxf2 Qd4+ 34. Kf1 Qxh4 35. Qf3 Qc4+ 36. Kg1 Rc8 37. Bc3 Kh7 38. Kh1 Rxc6 39. Rxf7+ Kg8 40. Rg7+ Kf8 41. Qg3 Qxc3 42. Qxc3 Rxc3 43. Rxg6 Rc4 44. Rg5 Rh4+ 45. Kg1 Kf7 46. Rxf5+ Kg6 47. Rf3 Rb4 48. Kf2 Kg5 49. Rg3+ Kh6 50. Rf3 h4 51. Kg1 Kh5 52. Kh2 Kg4 53. Rf8 Rb2 54. Rg8+ Kf5 55. Rh8 Kg5 56. Rg8+ Kf4 57. Rh8 Kg5 58. Rg8+ Kf5 59. Rh8 Rb4 60. Kh3 Kg5 61. Rg8+ Kh5 62. Rh8+ Kg5 63. Rg8+ Kh5 64. Rh8+ Kg5 1/2-1/2


[Site "https://www.chess.com"]

[Event "Titled Tuesday Blitz June 15 2021"]
[White "shnitez"]
[Black "Colas, Joshua"]
[BlackFideId "2044447"]
[WhiteElo "2507"]
[BlackElo "2347"]
[Result "0-1"]
[Round "02"]
[TimeControl "180+1"]
[Date "2021.06.15"]
[WhiteClock "0:00:03"]
[BlackClock "0:00:25"]

1. e4 Nf6 2. e5 Nd5 3. d4 d6 4. Nf3 Bg4 5. Be2 e6 6. O-O Be7 7. c4 Nb6 8. exd6 cxd6 9. Nc3 O-O 10. b3 Nc6 11. d5 exd5 12. Nxd5 Nxd5 13. Qxd5 Bf6 14. Rb1 Nb4 15. Qxb7 Nxa2 16. Bd2 Bf5 17. Rbe1 Re8 18. Qb5 Bg6 19. Ba5 Qc8 20. Bd1 Nc3 21. Bxc3 Bxc3 22. Rxe8+ Qxe8 23. Qxe8+ Rxe8 24. Kh1 Bd3 25. Rg1 f6 26. h3 g5 27. Kh2 Kf7 28. g4 a5 29. Kg3 h6 30. Nh2 Be5+ 31. Kg2 Bf4 32. Bf3 Rb8 33. Bd5+ Kf8 34. Nf3 Rxb3 35. Nd4 Rb2 36. Ne6+ Ke7 37. Nxf4 gxf4 38. Ra1 Rc2 39. Rxa5 Bxc4 40. Ra7+ Ke8 41. Bxc4 Rxc4 42. Rh7 Kf8 43. Kf3 Rc3+ 44. Kxf4 Rxh3 45. Rd7 Rd3 46. Rh7 Rd5 47. f3 Kg8 48. Rxh6 Kg7 49. Rh1 Rd4+ 50. Kg3 Ra4 51. Re1 Kf7 52. Rb1 d5 53. Kf2 Ke6 54. Re1+ Kd6 55. Rb1 Ke5 56. Re1+ Kf4 57. Re8 Ra2+ 58. Re2 Rxe2+ 59. Kxe2 d4 60. Kd3 Kxf3 61. Kxd4 Kxg4 62. Ke3 Kg3 63. Ke4 Kg4 64. Ke3 f5 65. Kf2 Kf4 66. Ke2 Kg3 0-1


[Site "https://www.chess.com"]

[Event "Titled Tuesday Blitz June 15 2021"]
[White "Abdusattorov, Nodirbek"]
[Black "Savitski, Andrei"]
[WhiteFideId "14204118"]
[BlackFideId "13506161"]
[WhiteElo "2662"]
[BlackElo "2121"]
[Result "1-0"]
[Round "03"]
[TimeControl "180+1"]
[Date "2021.06.15"]
[WhiteClock "0:02:17"]
[BlackClock "0:00:11"]

1. e4 c5 2. Nf3 d6 3. Bb5+ Nc6 4. O-O Bd7 5. c3 a6 6. Ba4 Nf6 7. Re1 b5 8. Bc2 Bg4 9. d3 g6 10. Nbd2 Bg7 11. h3 Bc8 12. d4 cxd4 13. cxd4 O-O 14. Nf1 Bb7 15. Ng3 Rc8 16. Bg5 h6 17. Be3 e5 18. Qd2 Kh7 19. Rad1 exd4 20. Nxd4 Ne5 21. b3 h5 22. f4 Ned7 23. f5 h4 24. fxg6+ fxg6 25. Ne6 Qe7 26. Nxf8+ Rxf8 27. Nf1 Nxe4 28. Bxe4 Qxe4 29. Bg5 Qf5 30. Re7 Ne5 31. Rxg7+ Kxg7 32. Bh6+ Kh7 33. Bxf8 Qxf8 34. Qxd6 Qg7 35. Ne3 Be4 36. Qe6 Qa7 37. Qxe5 Qxe3+ 38. Kh2 Kh6 39. Rd8 Qg3+ 40. Qxg3 hxg3+ 41. Kxg3 Kg5 42. Rd6 a5 43. Ra6 a4 44. bxa4 bxa4 45. Rxa4 Bf5 46. Ra5 Kf6 47. a4 Bd3 48. Rd5 Be4 49. Rd4 Ke5 50. Rxe4+ Kxe4 51. Kg4 Kd5 52. Kg5 Kc5 53. Kxg6 Kb4 54. h4 Kxa4 55. h5 Kb4 56. h6 1-0


[Site "https://www.chess.com"]

[Event "Titled Tuesday Blitz June 15 2021"]
[White "Alekseenko, Kirill"]
[Black "Bologan, Victor"]
[WhiteFideId "4135539"]
[BlackFideId "13900048"]
[WhiteElo "2580"]
[BlackElo "2511"]
[Result "1-0"]
[Round "03"]
[TimeControl "180+1"]
[Date "2021.06.15"]
[WhiteClock "0:00:59"]
[BlackClock "0:00:05"]

1. d4 d5 2. Nc3 Nf6 3. Bf4 c6 4. e3 Qb6 5. a3 g6 6. Nf3 Bg7 7. Be2 O-O 8. O-O Bg4 9. Na4 Qd8 10. Ne5 Bxe2 11. Qxe2 Nbd7 12. h3 Rc8 13. Rac1 b5 14. Nc3 a5 15. Nb1 a4 16. Nd2 Nh5 17. Bh2 Nxe5 18. dxe5 Bh8 19. b3 Qa5 20. b4 Qb6 21. Nf3 f6 22. Rcd1 f5 23. Nd4 Ng7 24. Bf4 e6 25. g4 Rb8 26. Kh2 c5 27. bxc5 Qxc5 28. Rd3 b4 29. axb4 Rxb4 30. Rg1 fxg4 31. Qxg4 Re8 32. h4 Kf7 33. Qg5 Re7 34. Qh6 Kg8 35. h5 Rxd4 36. hxg6 hxg6 37. exd4 Qxc2 38. Rh3 Qxf2+ 39. Rg2 1-0


[Site "https://www.chess.com"]

[Event "Titled Tuesday Blitz June 15 2021"]
[White "Andreikin, Dmitry"]
[Black "Can, Emre"]
[WhiteFideId "4158814"]
[BlackFideId "6302181"]
[WhiteElo "2782"]
[BlackElo "2503"]
[Result "1-0"]
[Round "03"]
[TimeControl "180+1"]
[Date "2021.06.15"]
[WhiteClock "0:00:30"]
[BlackClock "0:00:01"]

1. d4 Nf6 2. Bg5 d5 3. Nd2 e6 4. e3 Be7 5. f4 Nbd7 6. Bd3 h6 7. Bh4 b6 8. c3 Bb7 9. Ngf3 c5 10. Ne5 a6 11. O-O Ne4 12. Qh5 g6 13. Nxg6 Ndf6 14. Bxf6 Nxf6 15. Qh3 fxg6 16. Bxg6+ Kd7 17. Nf3 Kc7 18. Ne5 Bc8 19. Nf7 Qg8 20. f5 exf5 21. Nxh8 Qxh8 22. Bxf5 Qg7 23. Bxc8 Rxc8 24. Qe6 Rg8 25. g3 h5 26. Rf4 h4 27. Rxh4 Ne4 28. Rxe4 dxe4 29. Rf1 Rf8 30. Qxe4 Rxf1+ 31. Kxf1 Qf7+ 32. Qf4+ Qxf4+ 33. gxf4 cxd4 34. cxd4 Kc6 35. Ke2 Kd5 36. Kd3 Bh4 37. e4+ Kd6 38. Ke3 Be1 39. b3 b5 40. f5 a5 41. f6 Ke6 42. e5 Bb4 43. Ke4 Bf8 44. d5+ Kd7 45. e6+ Ke8 46. e7 1-0


[Site "https://www.chess.com"]

[Event "Titled Tuesday Blitz June 15 2021"]
[White "Andrews, Todd"]
[Black "Libiszewski, Fabien"]
[WhiteFideId "2012456"]
[BlackFideId "616834"]
[WhiteElo "2410"]
[BlackElo "2440"]
[Result "1-0"]
[Round "03"]
[TimeControl "180+1"]
[Date "2021.06.15"]
[WhiteClock "0:00:24"]
[BlackClock "0:00:16"]

1. e4 c5 2. Nf3 Nc6 3. d4 cxd4 4. Nxd4 e5 5. Nb5 d6 6. c4 Be7 7. Be2 Nf6 8. N5c3 O-O 9. Be3 Be6 10. Nd2 Rc8 11. O-O a6 12. Rc1 Nd7 13. Nd5 Bg5 14. Qb3 Nc5 15. Qa3 Bxd5 16. exd5 Nd4 17. Bxd4 Bxd2 18. Bxc5 Bxc1 19. Bxd6 Bxb2 20. Qxb2 Qxd6 21. Qxb7 Rb8 22. Qa7 Rfc8 23. Bd3 Rb2 24. h4 g6 25. h5 Kg7 26. Qe3 f5 27. h6+ Kf6 28. Re1 e4 29. Bf1 Qc5 30. Qc3+ Kg5 31. Qxb2 Kxh6 32. Qd2+ Kg7 33. Qf4 Qd4 34. Qd6 h5 35. Qd7+ 1-0


[Site "https://www.chess.com"]

[Event "Titled Tuesday Blitz June 15 2021"]
[White "Bazarov, Konstantin"]
[Black "Vokhidov, Shamsiddin"]
[WhiteFideId "4137000"]
[BlackFideId "14204223"]
[WhiteElo "2209"]
[BlackElo "2572"]
[Result "1/2-1/2"]
[Round "03"]
[TimeControl "180+1"]
[Date "2021.06.15"]
[WhiteClock "0:00:19"]
[BlackClock "0:00:11"]

1. d4 Nf6 2. c4 b6 3. f3 c5 4. d5 e5 5. e4 d6 6. Nc3 g6 7. Bd3 Bg7 8. Nge2 O-O 9. Bg5 h6 10. Be3 Na6 11. Qd2 Kh7 12. g4 Ng8 13. h4 Nc7 14. h5 g5 15. Ng3 a6 16. Kf2 Rb8 17. a3 b5 18. b4 bxc4 19. Bxc4 cxb4 20. axb4 Rxb4 21. Be2 Nf6 22. Rhb1 Rxb1 23. Rxb1 Bd7 24. Bb6 Qc8 25. Kg2 Nfe8 26. Nf1 Bf6 27. Ne3 Bd8 28. Nc4 Nb5 29. Bxd8 Qxd8 30. Nxb5 Bxb5 31. Ne3 Bxe2 32. Qxe2 Qc8 33. Rb6 a5 34. Nf5 Qc7 35. Ra6 Qc5 36. Rc6 Qb4 37. Qc4 Qd2+ 38. Kg3 a4 39. Qxa4 Qe1+ 40. Kg2 Qe2+ 41. Kg3 Qf1 42. Qc2 Qe1+ 43. Qf2 Qb4 44. Qc2 Qa3 45. Qc3 Qa7 46. Qe3 Qb8 47. Qc3 Qb1 48. Qc1 Qb4 49. Rc8 Qb6 50. Rc6 Qb4 51. Rc4 Qb6 52. Kg2 Qb5 53. Rc2 Qb4 54. Qd2 Qa3 55. Qc3 Qa6 56. Qc4 Qa7 57. Qb4 Qa6 58. Qb3 Qa5 59. Qc3 Qa6 60. Qc6 Qd3 61. Qc3 Qa6 1/2-1/2


[Site "https://www.chess.com"]

[Event "Titled Tuesday Blitz June 15 2021"]
[White "Bluebaum, Matthias"]
[Black "Solon, Nathan"]
[WhiteFideId "24651516"]
[BlackFideId "2017229"]
[WhiteElo "2685"]
[BlackElo "2642"]
[Result "1-0"]
[Round "03"]
[TimeControl "180+1"]
[Date "2021.06.15"]
[WhiteClock "0:00:08"]
[BlackClock "0:00:03"]

1. d4 Nf6 2. c4 g6 3. Nc3 Bg7 4. e4 d6 5. h3 O-O 6. Be3 Nc6 7. d5 Ne5 8. f4 Ned7 9. g4 c6 10. Nge2 cxd5 11. cxd5 Nb6 12. Ng3 e6 13. g5 Ne8 14. dxe6 Bxe6 15. f5 Be5 16. Qf3 Bd7 17. h4 Rc8 18. Rc1 Nc4 19. Bxc4 Rxc4 20. h5 Bc6 21. Kf2 Qa5 22. Nge2 Ng7 23. hxg6 fxg6 24. f6 Nh5 25. Qg4 Qc7 26. b3 Bd7 27. Qf3 Rxc3 28. Nxc3 Bxc3 29. Kg1 Qa5 30. Rc2 Be5 31. Qe2 Bc6 32. Qc4+ d5 33. Qe2 dxe4 34. Kf2 Ng3 35. Qg4 Nxh1+ 36. Kg2 Qd5 37. Rd2 Qb5 38. Qe6+ Kh8 39. Qe7 Re8 40. Qg7# 1-0


[Site "https://www.chess.com"]

[Event "Titled Tuesday Blitz June 15 2021"]
[White "Chernomordik, Pavel"]
[Black "Kezin, Roman"]
[WhiteFideId "2804530"]
[BlackFideId "24124621"]
[WhiteElo "2299"]
[BlackElo "2574"]
[Result "1-0"]
[Round "03"]
[TimeControl "180+1"]
[Date "2021.06.15"]
[WhiteClock "0:01:32"]
[BlackClock "0:01:48"]

1. e4 c5 2. Nc3 Nc6 3. Bb5 Nd4 4. Bc4 e6 5. Nge2 Nf6 6. O-O b5 7. Nxb5 Nxb5 8. Bxb5 Nxe4 9. d4 Bb7 10. f3 Nf6 11. c3 Be7 12. Kh1 O-O 13. Bf4 Qb6 14. a4 a6 15. Bd3 Rac8 16. a5 Qa7 17. Be5 d6 18. Bg3 h6 19. Bc2 cxd4 20. Nxd4 Qc5 21. Qd3 Bd5 22. Rfe1 Bc4 23. Qd2 Qh5 24. b3 Bd5 25. c4 Bb7 26. Nf5 exf5 27. Rxe7 Rce8 28. Rxb7 1-0


[Site "https://www.chess.com"]

[Event "Titled Tuesday Blitz June 15 2021"]
[White "Chigaev, Maksim"]
[Black "Manafov, Vugar"]
[WhiteFideId "4108116"]
[BlackFideId "13410814"]
[WhiteElo "2646"]
[BlackElo "2274"]
[Result "0-1"]
[Round "03"]
[TimeControl "180+1"]
[Date "2021.06.15"]
[WhiteClock "0:00:01"]
[BlackClock "0:00:32"]

1. d4 Nf6 2. Nf3 e6 3. Bf4 Bd6 4. Bg3 Bxg3 5. hxg3 d6 6. e3 Nc6 7. Nbd2 Qe7 8. c3 e5 9. Qb3 a6 10. Be2 O-O 11. Qa3 Bf5 12. Nc4 b5 13. dxe5 bxc4 14. exf6 Qxf6 15. Bxc4 Be4 16. Be2 Rab8 17. O-O a5 18. Rad1 Rfe8 19. Rd2 Ne5 20. Ne1 h5 21. Qxa5 h4 22. gxh4 Qxh4 23. f4 Qg3 24. fxe5 Qxe3+ 25. Kh1 Re6 26. Bf3 Rh6+ 0-1


[Site "https://www.chess.com"]